 Dungeon Crawl Stone Soup version 0.20-a0-502-g555d78b (webtiles) character file.

14 Amnesiac the Vexing (level 2, 0/19 HPs)
             Began as a Mummy Enchanter on Jan 20, 2017.
             Slain by a worker ant (7 damage)
             ... on level 4 of the Dungeon.
             The game lasted 00:04:10 (1033 turns).

Amnesiac the Vexing (Mummy Enchanter)               Turns: 1033, Time: 00:04:12

Health: 0/19       AC:  2    Str: 15    XL:     2   Next: 31%
Magic:  3/5        EV: 12    Int: 14    God:
Gold:   29         SH:  0    Dex: 12    Spells: 3/6 levels left

rFire    x . .     SeeInvis .   a - +1 dagger
rCold    + . .     Gourm    .   b - +0 robe
rNeg     + + +     Faith    .   (no shield)
rPois    ∞         Spirit   .   (no helmet)
rElec    .         Reflect  .   (no cloak)
rCorr    .         Harm     .   (no gloves)
MR       .....                  (no boots)
Stlth    ++........             (no amulet)
Regen    0.1/turn               (no ring)
                                g - +4 ring of strength

@: very slightly contaminated
A: no food or potions, fire vulnerability, cold resistance 1, negative energy
resistance 3, torment resistance, unbreathing
a: no special abilities


You were on level 4 of the Dungeon.
You were not hungry.

You visited 1 branch of the dungeon, and saw 4 of its levels.

You collected 29 gold pieces.

Inventory:

Hand Weapons
 a - a +1 dagger (weapon)
Armour
 b - a +0 robe (worn)
 i - a +0 buckler
Jewellery
 g - a +4 ring of strength (left hand)
Scrolls
 d - a scroll of identify
 e - a scroll of remove curse
 f - a scroll of fear {unknown}
 h - a scroll of teleportation {unknown}
Books
 c - a book of Maledictions

   Spells                             Type                      Level
   a - Corona                         Hexes                        1
   b - Ensorcelled Hibernation        Hexes/Ice                    2
   c - Confuse                        Hexes                        3
   d - Tukima's Dance                 Hexes                        3
   e - Dazzling Spray                 Conjuration/Hexes            3


   Skills:
 - Level 1.0 Short Blades
 - Level 1.5 Dodging
 - Level 2.4 Stealth
 - Level 2.6 Spellcasting
 + Level 3.3 Hexes


You had 3 spell levels left.
You knew the following spells:

 Your Spells              Type           Power        Failure   Level  Hunger
f - Corona                Hex            ##.....      6%          1    N/A
z - Ensorcelled Hibernat  Hex/Ice        #.....       21%         2    N/A

Dungeon Overview and Level Annotations

Branches:
Dungeon (4/15)
 Temple: D:4-7

Altars:
Nemelex Xobeh

Annotations:
D:4 Menkaure


Innate Abilities, Weirdness & Mutations

You do not eat or drink.
Your flesh is vulnerable to fire.
You are immune to poison.
Your flesh is cold resistant. (rC+)
You are immune to negative energy. (rN+++)
You are immune to unholy pain and torment.
You can survive without breathing.


Message History

Memorise Ensorcelled Hibernation, consuming 2 spell levels and leaving 3?
You start memorising the spell.
You continue memorising. x2
The worker ant misses you.
You finish memorising.
Spell assigned to 'a'.
Adjust (i)tems, (s)pells, or (a)bilities?
Adjust which spell? a - Ensorcelled Hibernation Adjust to which letter? z - Ensorcelled Hibernation
Casting: Corona
Confirm with . or Enter, or press ? or * to list all spells.
Aiming: Ensorcelled Hibernation
Press: ? - help, Shift-Dir - straight line, f - worker ant
Aim: a worker ant (chance to defeat MR: 47%)
You miscast Ensorcelled Hibernation.
You are very lightly contaminated with residual magic.
Frost covers your body. The worker ant bites you. The worker ant bites you!
The worker ant bites you!
You die...

##.##.# #.# ..###
#..#.# #.# .....
#.#.# #.#
.!..####...#### #.#
..............###.#
.###.......>...'...#
......%........#####
...............#
....#...@.##### ...
#...a.# .#####.....#
...........####
..............#
.......$......#
..............#
........#######
........#


You could see a worker ant.

Vanquished Creatures
  2 dart slugs (D:3)
  A giant cockroach (D:1)
  A hobgoblin (D:2)
  A kobold (D:2)
  A quokka (D:1)
  A ball python (D:2)
  2 frilled lizards
  2 rats
11 creatures vanquished.

Notes
Turn   | Place    | Note
-------+----------+-------------------------------------------
     0 | D:1      | Amnesiac the Mummy Enchanter began the quest for the Orb.
     0 | D:1      | Reached XP level 1. HP: 13/13 MP: 4/4
    71 | D:1      | Reached skill level 1 in Short Blades
   287 | D:2      | Found a sparkling altar of Nemelex Xobeh.
   339 | D:3      | Reached skill level 3 in Hexes
   356 | D:3      | Reached XP level 2. HP: 19/19 MP: 5/5
   549 | D:4      | Noticed Menkaure
   969 | D:4      | Noticed a howler monkey
  1029 | D:4      | Learned a level 2 spell: Ensorcelled Hibernation
  1033 | D:4      | Slain by a worker ant

Vault maps used:
D:1:      dpeg_arrival_shrine
D:2:      nemelex_xobeh_ov_fountains_minmay, gammafunk_temple_overflow_forgotten
D:3:      chequers_ecumenical_altar_island, uniq_grinder
D:4:      serial_shops, nicolae_shop_trees, uniq_menkaure

Skill      XL: |  1 |
---------------+----+-----
Short Blades   | 1 |  1.0
Hexes          | 3 |  3.3
Dodging        | |  1.5
Stealth        | |  2.4
Spellcasting   | |  2.6

Action                   || total
-------------------------++-------
Melee: Dagger            ||    27
Throw: Javelin           ||    11
 Cast: Corona            ||     1
  Use: Scroll            ||     3
 Stab: Distracted        ||     1
       Sleeping          ||     1
Armor: Robe              ||     3
Dodge: Dodged            ||    32
